[ AOE2 MATCH · #477781559 ]
UnrankedHindustanis vs Lithuanians
[ REPLAY ANALYSIS · EXTRACTED FROM THE RECORDED GAME ]
Feudal
9:21
Castle
18:41
Imperial
36:14
| APM avg | 23.7 |
| APM peak | 69 |
| eAPM avg | 16.6 |
| Villagers / military | 148 / 41 |
Focus
⚔️ 19.3% · 🌾 80.7%
Camel Scout ×28 · Ghulam ×13 · Trade Cart ×8
Feudal
10:19
Castle
17:21
Imperial
34:53
| APM avg | 14.9 |
| APM peak | 50 |
| eAPM avg | 10.5 |
| Villagers / military | 123 / 89 |
Focus
⚔️ 20.7% · 🌾 79.3%
Knight ×86 · Trade Cart ×12 · Scout Cavalry ×2 · Mangonel ×1
Feudal
10:04
Castle
15:41
Imperial
30:06
| APM avg | 11.7 |
| APM peak | 34 |
| eAPM avg | 8.2 |
| Villagers / military | 96 / 31 |
Focus
⚔️ 12.8% · 🌾 87.2%
War Elephant ×24 · Trade Cart ×23 · Trebuchet (Packed) ×5 · Monk ×2
Feudal
11:13
Castle
19:25
Imperial
31:37
| APM avg | 26.3 |
| APM peak | 56 |
| eAPM avg | 15.1 |
| Villagers / military | 120 / 225 |
Focus
⚔️ 39.6% · 🌾 60.4%
Scout Cavalry ×107 · Spearman ×49 · Bombard Cannon ×42 · Hussite Wagon ×19 · Knight ×7 · Monk ×1
Feudal
12:31
Castle
16:45
Imperial
34:20
| APM avg | 32.9 |
| APM peak | 102 |
| eAPM avg | 19.1 |
| Villagers / military | 167 / 61 |
Focus
⚔️ 12.9% · 🌾 87.1%
Cavalry Archer ×51 · Trade Cart ×13 · Trebuchet (Packed) ×9 · Monk ×1
Feudal
11:22
Castle
15:29
Imperial
31:49
| APM avg | 21.3 |
| APM peak | 59 |
| eAPM avg | 13.7 |
| Villagers / military | 134 / 177 |
Focus
⚔️ 16.1% · 🌾 83.9%
Scorpion ×128 · Battering Ram ×49 · Trade Cart ×4
Feudal
10:59
Castle
14:54
Imperial
30:23
| APM avg | 18.0 |
| APM peak | 51 |
| eAPM avg | 11.5 |
| Villagers / military | 171 / 42 |
Focus
⚔️ 14.7% · 🌾 85.3%
Trade Cart ×23 · Bombard Cannon ×18 · Mangonel ×13 · Mameluke ×10 · Battering Ram ×1
Feudal
11:09
Castle
16:19
Imperial
31:26
| APM avg | 24.6 |
| APM peak | 74 |
| eAPM avg | 18.1 |
| Villagers / military | 138 / 444 |
Focus
⚔️ 25.6% · 🌾 74.4%
Militia ×162 · Mangonel ×132 · Scorpion ×120 · Trade Cart ×59 · Battering Ram ×30
Match map
Initial resources + every placement click. Lines = walls · curves = elevation contours. ◆ gold · ⬟ stone · ● berries · ✦ relic · ◌ wall gap
Your base· ✓ Closed at 18:41 · 45t walls · 1 gate(s)
NPC's base· ✓ Closed at 17:21 · 18t walls · 1 gate(s)
gytisrepsys's base· ✓ Closed at 15:41 · 0t walls · no gate
GeKKeGerdaa's base· ✓ Closed at 19:25 · 0t walls · no gate
btmn_'s base· ✓ Closed at 16:45 · 0t walls · no gate
DonGet's base· ✓ Closed at 15:29 · 0t walls · no gate
HDm's base· ✓ Closed at 14:54 · 0t walls · no gate
2Easy4Kim's base· ✓ Closed at 16:19 · 0t walls · no gate
Smoothed initial terrain · ◌ = detected wall gap · hover for details
Inputs per minute
— Que paso perrito? - - NPC
Build order — Que paso perrito?
First 150 of 357 actions detected
| 0:02 | Create | Villager (Male) |
| 0:03 | Create | Villager (Male) |
| 0:03 | Create | Villager (Male) |
| 0:03 | Create | Villager (Male) |
| 0:04 | Create | Villager (Male) |
| 0:05 | Build | House |
| 0:06 | Build | House |
| 1:05 | Create | Villager (Male) |
| 1:06 | Create | Villager (Male) |
| 1:47 | Create | Villager (Male) |
| 1:47 | Create | Villager (Male) |
| 1:54 | Create | Villager (Male) |
| 1:54 | Create | Villager (Male) |
| 1:58 | Build | Lumber Camp |
| 2:34 | Create | Villager (Male) |
| 2:34 | Create | Villager (Male) |
| 2:38 | Build | House |
| 2:54 | Create | Villager (Male) |
| 2:54 | Create | Villager (Male) |
| 3:13 | Create | Villager (Male) |
| 3:13 | Create | Villager (Male) |
| 3:31 | Create | Villager (Male) |
| 3:31 | Create | Villager (Male) |
| 4:04 | Create | Villager (Male) |
| 4:05 | Create | Villager (Male) |
| 4:28 | Create | Villager (Male) |
| 4:28 | Create | Villager (Male) |
| 4:28 | Create | Villager (Male) |
| 4:44 | Build | Mill |
| 5:17 | Create | Villager (Male) |
| 5:17 | Create | Villager (Male) |
| 5:49 | Research | Loom |
| 5:49 | Create | Villager (Male) |
| 5:50 | Create | Villager (Male) |
| 7:11 | Research | Feudal Age |
| 7:11 | Research | Feudal Age |
| 8:30 | Build | Palisade Wall |
| 8:34 | Build | Palisade Wall |
| 8:47 | Create | Villager (Male) |
| 8:47 | Create | Villager (Male) |
| 8:50 | Create | Villager (Male) |
| 9:14 | Build | Mining Camp |
| 9:21 | Age | Feudal Age |
| 9:24 | Create | Villager (Male) |
| 9:30 | Build | House |
| 9:43 | Build | Stone Wall |
| 10:04 | Build | Gate |
| 10:38 | Build | Stone Wall |
| 10:41 | Create | Villager (Male) |
| 10:42 | Create | Villager (Male) |
| 10:48 | Create | Villager (Male) |
| 11:10 | Build | Watch Tower |
| 11:28 | Build | House |
| 11:29 | Build | House |
| 11:36 | Build | Mining Camp |
| 12:12 | Create | Villager (Male) |
| 12:12 | Create | Villager (Male) |
| 12:52 | Create | Villager (Male) |
| 13:15 | Create | Villager (Male) |
| 13:15 | Create | Villager (Male) |
| 13:30 | Create | Villager (Male) |
| 13:37 | Build | Market |
| 14:19 | Build | Blacksmith |
| 14:22 | Create | Villager (Male) |
| 14:36 | Build | Watch Tower |
| 14:58 | Create | Villager (Male) |
| 15:22 | Build | Mining Camp |
| 16:01 | Research | Castle Age |
| 16:02 | Research | Castle Age |
| 16:02 | Research | Castle Age |
| 16:58 | Research | Town Watch |
| 17:21 | Build | Farm |
| 17:21 | Build | Farm |
| 17:22 | Build | Farm |
| 17:22 | Build | Farm |
| 17:22 | Build | Farm |
| 17:22 | Build | Farm |
| 17:23 | Build | Farm |
| 17:23 | Build | Farm |
| 17:23 | Build | Farm |
| 17:24 | Build | Farm |
| 17:41 | Research | Double-Bit Axe |
| 17:42 | Research | Double-Bit Axe |
| 18:08 | Build | Farm |
| 18:13 | Build | Farm |
| 18:37 | Build | House |
| 18:39 | Build | House |
| 18:40 | Build | House |
| 18:41 | Age | Castle Age |
| 18:44 | Create | Villager (Male) |
| 18:44 | Create | Villager (Male) |
| 18:56 | Build | Castle |
| 19:15 | Create | Villager (Male) |
| 19:15 | Create | Villager (Male) |
| 19:16 | Create | Villager (Male) |
| 19:35 | Create | Villager (Male) |
| 19:36 | Create | Villager (Male) |
| 20:08 | Build | Town Center |
| 20:26 | Create | Villager (Male) |
| 20:26 | Create | Villager (Male) |
| 20:30 | Build | Farm |
| 20:32 | Build | Farm |
| 20:36 | Create | Ghulam |
| 20:36 | Create | Ghulam |
| 20:37 | Create | Ghulam |
| 20:43 | Create | Ghulam |
| 20:44 | Create | Ghulam |
| 20:56 | Create | Ghulam |
| 21:24 | Create | Ghulam |
| 21:24 | Create | Ghulam |
| 21:24 | Create | Ghulam |
| 21:31 | Create | Villager (Male) |
| 21:32 | Create | Villager (Male) |
| 21:36 | Build | Farm |
| 21:36 | Build | Farm |
| 21:37 | Build | Farm |
| 21:37 | Build | Farm |
| 21:45 | Create | Ghulam |
| 21:45 | Create | Ghulam |
| 22:06 | Create | Villager (Male) |
| 22:07 | Create | Villager (Male) |
| 22:09 | Create | Villager (Male) |
| 22:09 | Create | Villager (Male) |
| 22:18 | Create | Villager (Male) |
| 22:19 | Create | Villager (Male) |
| 22:21 | Build | Farm |
| 22:51 | Create | Villager (Male) |
| 22:52 | Create | Villager (Male) |
| 22:52 | Create | Villager (Male) |
| 24:06 | Build | Castle |
| 24:08 | Build | Mining Camp |
| 24:11 | Create | Villager (Male) |
| 24:11 | Create | Villager (Male) |
| 24:11 | Create | Villager (Male) |
| 24:12 | Create | Villager (Male) |
| 24:12 | Create | Villager (Male) |
| 24:12 | Create | Villager (Male) |
| 24:13 | Create | Villager (Male) |
| 24:13 | Create | Villager (Male) |
| 24:13 | Create | Villager (Male) |
| 24:14 | Create | Villager (Male) |
| 24:36 | Build | Town Center |
| 24:39 | Create | Villager (Male) |
| 24:40 | Create | Villager (Male) |
| 24:40 | Create | Villager (Male) |
| 25:04 | Build | Barracks |
| 25:18 | Research | Horse Collar |
| 25:19 | Research | Horse Collar |
| 26:08 | Build | Market |
| 26:10 | Create | Villager (Male) |
Build order — NPC
First 150 of 311 actions detected
| 0:06 | Build | House |
| 0:09 | Build | House |
| 0:14 | Create | Villager (Male) |
| 0:14 | Create | Villager (Male) |
| 0:14 | Create | Villager (Male) |
| 0:17 | Create | Villager (Male) |
| 0:17 | Create | Villager (Male) |
| 0:17 | Create | Villager (Male) |
| 1:44 | Create | Villager (Male) |
| 2:25 | Create | Villager (Male) |
| 2:35 | Build | Lumber Camp |
| 2:36 | Create | Villager (Male) |
| 2:37 | Create | Villager (Male) |
| 2:57 | Create | Villager (Male) |
| 3:29 | Create | Villager (Male) |
| 3:40 | Build | House |
| 3:46 | Create | Villager (Male) |
| 4:13 | Create | Villager (Male) |
| 4:47 | Create | Villager (Male) |
| 5:17 | Create | Villager (Male) |
| 5:31 | Build | House |
| 5:34 | Create | Villager (Male) |
| 6:23 | Create | Villager (Male) |
| 6:36 | Create | Villager (Male) |
| 6:59 | Build | Mill |
| 7:09 | Create | Villager (Male) |
| 7:48 | Build | Mining Camp |
| 8:00 | Research | Feudal Age |
| 9:32 | Research | Loom |
| 9:37 | Build | Farm |
| 10:19 | Age | Feudal Age |
| 10:21 | Create | Villager (Male) |
| 10:26 | Build | House |
| 10:27 | Research | Double-Bit Axe |
| 10:45 | Build | Barracks |
| 10:50 | Build | Barracks |
| 10:54 | Create | Villager (Male) |
| 10:56 | Build | Farm |
| 11:07 | Build | Market |
| 11:17 | Build | Farm |
| 11:35 | Create | Villager (Male) |
| 11:50 | Build | Mining Camp |
| 11:59 | Build | Stone Wall |
| 12:02 | Create | Villager (Male) |
| 12:06 | Build | House |
| 12:14 | Build | Farm |
| 12:29 | Build | Gate |
| 12:31 | Build | Stone Wall |
| 12:36 | Create | Villager (Male) |
| 13:26 | Create | Villager (Male) |
| 13:41 | Build | Lumber Camp |
| 13:43 | Create | Villager (Male) |
| 13:53 | Build | Stable |
| 14:07 | Create | Villager (Male) |
| 14:41 | Research | Castle Age |
| 14:48 | Research | Bloodlines |
| 16:36 | Research | Horse Collar |
| 17:15 | Create | Villager (Male) |
| 17:21 | Age | Castle Age |
| 17:23 | Build | Farm |
| 17:38 | Build | Blacksmith |
| 17:39 | Create | Villager (Male) |
| 17:49 | Build | Blacksmith |
| 17:53 | Create | Villager (Male) |
| 17:56 | Build | House |
| 18:05 | Build | Town Center |
| 18:16 | Research | Wheelbarrow |
| 18:20 | Build | Farm |
| 18:28 | Build | Town Center |
| 18:35 | Build | Siege Workshop |
| 18:43 | Create | Villager (Male) |
| 18:46 | Research | Town Watch |
| 18:52 | Create | Villager (Male) |
| 18:56 | Build | Farm |
| 19:03 | Research | Bow Saw |
| 19:27 | Create | Villager (Male) |
| 19:45 | Create | Villager (Male) |
| 19:49 | Create | Mangonel |
| 20:00 | Create | Villager (Male) |
| 20:16 | Build | Farm |
| 20:18 | Build | Farm |
| 20:23 | Create | Villager (Male) |
| 20:33 | Create | Villager (Male) |
| 20:38 | Create | Villager (Male) |
| 20:39 | Create | Villager (Male) |
| 20:40 | Create | Villager (Male) |
| 21:10 | Create | Knight |
| 21:14 | Create | Villager (Male) |
| 21:20 | Build | Farm |
| 21:22 | Build | Farm |
| 21:23 | Build | Farm |
| 21:25 | Build | Farm |
| 21:37 | Create | Villager (Male) |
| 21:37 | Create | Villager (Male) |
| 21:55 | Create | Knight |
| 21:59 | Build | Farm |
| 22:09 | Build | Farm |
| 22:09 | Build | Farm |
| 22:09 | Build | Farm |
| 22:10 | Build | Farm |
| 22:10 | Build | Farm |
| 22:10 | Build | Farm |
| 22:11 | Build | Farm |
| 22:11 | Build | Farm |
| 22:11 | Build | Farm |
| 22:11 | Build | Farm |
| 22:11 | Build | Farm |
| 22:17 | Create | Villager (Male) |
| 22:19 | Create | Villager (Male) |
| 22:29 | Create | Villager (Male) |
| 22:37 | Build | Farm |
| 22:45 | Create | Villager (Male) |
| 22:47 | Build | Farm |
| 22:54 | Create | Villager (Male) |
| 22:55 | Create | Villager (Male) |
| 23:03 | Research | Heavy Plow |
| 23:07 | Build | Farm |
| 23:08 | Create | Villager (Male) |
| 23:09 | Create | Villager (Male) |
| 23:21 | Create | Villager (Male) |
| 23:23 | Build | House |
| 23:27 | Build | House |
| 23:34 | Research | Town Watch |
| 23:38 | Create | Villager (Male) |
| 23:41 | Build | Farm |
| 23:46 | Create | Villager (Male) |
| 23:47 | Create | Villager (Male) |
| 23:52 | Build | House |
| 23:53 | Build | House |
| 23:54 | Build | House |
| 23:54 | Build | House |
| 23:57 | Build | House |
| 23:57 | Build | House |
| 23:58 | Build | House |
| 24:03 | Create | Villager (Male) |
| 24:03 | Create | Villager (Male) |
| 24:04 | Create | Villager (Male) |
| 24:18 | Build | Gate |
| 24:20 | Build | Stone Wall |
| 24:21 | Build | Stone Wall |
| 24:24 | Build | Stone Wall |
| 24:25 | Create | Villager (Male) |
| 24:25 | Create | Villager (Male) |
| 24:38 | Create | Villager (Male) |
| 24:44 | Create | Villager (Male) |
| 24:49 | Create | Villager (Male) |
| 24:50 | Create | Villager (Male) |
| 24:58 | Build | Farm |
| 25:00 | Build | Farm |
| 25:03 | Build | Farm |
Build order — gytisrepsys
First 150 of 262 actions detected
| 0:00 | Create | Villager (Male) |
| 0:01 | Create | Villager (Male) |
| 0:02 | Build | House |
| 0:05 | Build | House |
| 0:15 | Create | Villager (Male) |
| 0:15 | Create | Villager (Male) |
| 0:15 | Create | Villager (Male) |
| 1:31 | Create | Villager (Male) |
| 1:46 | Build | Lumber Camp |
| 2:08 | Create | Villager (Male) |
| 2:25 | Create | Villager (Male) |
| 2:51 | Build | House |
| 2:56 | Create | Villager (Male) |
| 3:28 | Create | Villager (Male) |
| 3:45 | Build | Mill |
| 3:46 | Create | Villager (Male) |
| 4:03 | Create | Villager (Male) |
| 4:27 | Build | House |
| 4:35 | Create | Villager (Male) |
| 4:59 | Create | Villager (Male) |
| 5:16 | Create | Villager (Male) |
| 5:39 | Build | Mining Camp |
| 5:41 | Create | Villager (Male) |
| 5:42 | Create | Villager (Male) |
| 6:25 | Build | House |
| 6:30 | Create | Villager (Male) |
| 6:30 | Create | Villager (Male) |
| 7:27 | Research | Loom |
| 8:01 | Research | Feudal Age |
| 8:50 | Create | Villager (Male) |
| 8:51 | Create | Villager (Male) |
| 8:51 | Create | Villager (Male) |
| 10:04 | Age | Feudal Age |
| 10:09 | Build | Blacksmith |
| 10:15 | Build | Market |
| 11:31 | Create | Villager (Male) |
| 11:51 | Create | Villager (Male) |
| 11:57 | Build | Farm |
| 12:24 | Create | Villager (Male) |
| 12:32 | Build | Farm |
| 12:36 | Build | Farm |
| 13:16 | Research | Castle Age |
| 13:44 | Research | Double-Bit Axe |
| 15:03 | Build | Farm |
| 15:04 | Build | Farm |
| 15:14 | Research | Wheelbarrow |
| 15:41 | Age | Castle Age |
| 15:45 | Build | Town Center |
| 15:51 | Build | Town Center |
| 15:57 | Research | Bow Saw |
| 16:11 | Build | Lumber Camp |
| 16:26 | Create | Trade Cart |
| 16:26 | Create | Trade Cart |
| 16:38 | Create | Villager (Male) |
| 16:53 | Build | House |
| 16:55 | Build | House |
| 17:11 | Build | Monastery |
| 17:23 | Create | Villager (Male) |
| 17:26 | Create | Villager (Male) |
| 17:35 | Build | Farm |
| 17:36 | Build | Farm |
| 17:41 | Build | Farm |
| 17:44 | Create | Villager (Male) |
| 17:46 | Create | Villager (Male) |
| 17:46 | Create | Villager (Male) |
| 17:47 | Create | Villager (Male) |
| 17:52 | Create | Monk |
| 17:59 | Build | House |
| 18:11 | Build | Farm |
| 18:12 | Build | Farm |
| 18:15 | Build | Farm |
| 18:28 | Create | Monk |
| 18:31 | Create | Villager (Male) |
| 18:32 | Create | Villager (Male) |
| 18:37 | Build | Farm |
| 18:43 | Build | Farm |
| 18:44 | Build | Farm |
| 18:45 | Create | Villager (Male) |
| 19:01 | Build | House |
| 19:08 | Create | Villager (Male) |
| 19:25 | Create | Villager (Male) |
| 19:26 | Create | Villager (Male) |
| 19:29 | Build | Farm |
| 19:30 | Build | Farm |
| 19:32 | Build | Farm |
| 19:34 | Build | Farm |
| 19:37 | Create | Trade Cart |
| 19:38 | Create | Trade Cart |
| 19:42 | Build | House |
| 19:56 | Create | Villager (Male) |
| 19:57 | Create | Villager (Male) |
| 19:58 | Create | Villager (Male) |
| 20:01 | Build | Lumber Camp |
| 20:04 | Create | Villager (Male) |
| 20:06 | Create | Villager (Male) |
| 20:24 | Build | House |
| 20:36 | Create | Villager (Male) |
| 20:37 | Create | Villager (Male) |
| 20:37 | Create | Villager (Male) |
| 20:59 | Create | Villager (Male) |
| 21:00 | Create | Villager (Male) |
| 21:00 | Create | Villager (Male) |
| 21:04 | Create | Trade Cart |
| 21:15 | Build | House |
| 21:26 | Create | Villager (Male) |
| 21:27 | Create | Villager (Male) |
| 21:32 | Build | Farm |
| 21:33 | Build | Farm |
| 21:34 | Build | Farm |
| 21:35 | Build | Farm |
| 21:36 | Build | Farm |
| 21:37 | Build | Farm |
| 21:51 | Build | Town Center |
| 21:53 | Create | Villager (Male) |
| 21:55 | Create | Villager (Male) |
| 21:55 | Create | Villager (Male) |
| 21:59 | Build | House |
| 22:00 | Build | House |
| 22:11 | Create | Trade Cart |
| 22:11 | Create | Trade Cart |
| 22:15 | Create | Villager (Male) |
| 22:16 | Create | Villager (Male) |
| 22:18 | Create | Villager (Male) |
| 22:19 | Create | Villager (Male) |
| 22:24 | Build | Mining Camp |
| 22:25 | Create | Villager (Male) |
| 22:26 | Create | Villager (Male) |
| 22:33 | Create | Villager (Male) |
| 22:53 | Build | Farm |
| 22:54 | Build | Farm |
| 22:54 | Build | Farm |
| 22:56 | Create | Trade Cart |
| 22:58 | Create | Villager (Male) |
| 22:59 | Create | Villager (Male) |
| 23:00 | Create | Villager (Male) |
| 23:11 | Build | House |
| 23:11 | Build | House |
| 23:12 | Build | House |
| 23:36 | Create | Villager (Male) |
| 23:37 | Create | Villager (Male) |
| 23:39 | Create | Villager (Male) |
| 23:41 | Create | Villager (Male) |
| 23:41 | Create | Villager (Male) |
| 23:47 | Build | Farm |
| 23:48 | Build | Farm |
| 23:49 | Build | Farm |
| 23:50 | Build | Farm |
| 23:51 | Build | Farm |
| 23:52 | Build | Farm |
| 23:52 | Build | Farm |
Build order — GeKKeGerdaa
First 150 of 426 actions detected
| 0:02 | Create | Villager (Male) |
| 0:02 | Create | Villager (Male) |
| 0:02 | Create | Villager (Male) |
| 0:03 | Build | House |
| 0:05 | Build | House |
| 0:41 | Create | Villager (Male) |
| 1:54 | Create | Villager (Male) |
| 2:22 | Create | Villager (Male) |
| 2:23 | Create | Villager (Male) |
| 3:09 | Create | Villager (Male) |
| 3:09 | Create | Villager (Male) |
| 3:33 | Create | Villager (Male) |
| 3:33 | Create | Villager (Male) |
| 3:39 | Build | House |
| 3:41 | Build | House |
| 3:54 | Create | Villager (Male) |
| 3:55 | Create | Villager (Male) |
| 4:24 | Create | Villager (Male) |
| 4:29 | Create | Villager (Male) |
| 4:57 | Create | Villager (Male) |
| 4:57 | Create | Villager (Male) |
| 5:20 | Create | Villager (Male) |
| 5:20 | Create | Villager (Male) |
| 5:54 | Create | Villager (Male) |
| 6:19 | Build | Mill |
| 6:27 | Create | Villager (Male) |
| 6:37 | Build | Lumber Camp |
| 7:11 | Create | Villager (Male) |
| 7:11 | Create | Villager (Male) |
| 7:18 | Create | Villager (Male) |
| 7:18 | Create | Villager (Male) |
| 8:15 | Create | Villager (Male) |
| 8:26 | Create | Villager (Male) |
| 9:01 | Research | Feudal Age |
| 10:46 | Build | Barracks |
| 10:58 | Build | Barracks |
| 11:03 | Build | House |
| 11:13 | Create | Villager (Male) |
| 11:13 | Create | Villager (Male) |
| 11:13 | Age | Feudal Age |
| 11:13 | Create | Villager (Male) |
| 11:23 | Build | Lumber Camp |
| 11:35 | Build | Mining Camp |
| 11:48 | Build | Blacksmith |
| 11:50 | Build | House |
| 12:03 | Build | Farm |
| 12:05 | Build | Farm |
| 12:14 | Build | Farm |
| 12:26 | Create | Villager (Male) |
| 12:34 | Research | Double-Bit Axe |
| 13:07 | Build | Market |
| 13:11 | Create | Villager (Male) |
| 13:22 | Build | Farm |
| 13:51 | Create | Villager (Male) |
| 14:04 | Build | Farm |
| 14:06 | Build | Farm |
| 14:11 | Build | Farm |
| 14:12 | Build | Farm |
| 14:18 | Build | Farm |
| 14:19 | Build | Farm |
| 14:23 | Build | Farm |
| 14:25 | Create | Villager (Male) |
| 14:54 | Create | Villager (Male) |
| 15:00 | Build | Farm |
| 15:20 | Build | House |
| 15:23 | Build | House |
| 15:26 | Build | House |
| 15:30 | Create | Villager (Male) |
| 15:36 | Build | Farm |
| 15:43 | Build | Farm |
| 15:44 | Build | Farm |
| 15:45 | Build | Farm |
| 16:20 | Create | Villager (Male) |
| 16:43 | Research | Castle Age |
| 16:59 | Create | Villager (Male) |
| 17:06 | Build | Farm |
| 17:11 | Research | Horse Collar |
| 18:13 | Build | Stable |
| 18:16 | Build | House |
| 19:25 | Age | Castle Age |
| 19:28 | Build | Town Center |
| 19:37 | Build | Siege Workshop |
| 19:48 | Create | Villager (Male) |
| 19:48 | Create | Villager (Male) |
| 19:48 | Create | Villager (Male) |
| 19:49 | Create | Villager (Male) |
| 19:57 | Build | Town Center |
| 20:22 | Create | Knight |
| 20:34 | Build | Stable |
| 20:47 | Build | Farm |
| 20:50 | Create | Villager (Male) |
| 20:50 | Create | Villager (Male) |
| 20:50 | Create | Villager (Male) |
| 20:54 | Build | Farm |
| 20:55 | Build | Farm |
| 20:56 | Build | Farm |
| 20:59 | Research | Bow Saw |
| 21:11 | Create | Villager (Male) |
| 21:11 | Create | Villager (Male) |
| 21:11 | Create | Villager (Male) |
| 21:19 | Create | Villager (Male) |
| 21:19 | Create | Villager (Male) |
| 21:20 | Create | Villager (Male) |
| 21:20 | Create | Villager (Male) |
| 21:25 | Research | Wheelbarrow |
| 21:27 | Create | Villager (Male) |
| 21:28 | Create | Villager (Male) |
| 21:28 | Create | Villager (Male) |
| 21:49 | Create | Knight |
| 21:55 | Build | Farm |
| 22:03 | Create | Knight |
| 22:04 | Create | Knight |
| 22:04 | Create | Knight |
| 22:12 | Build | Farm |
| 23:08 | Build | Farm |
| 23:11 | Research | Hand Cart |
| 23:12 | Create | Villager (Male) |
| 23:12 | Create | Villager (Male) |
| 23:20 | Create | Villager (Male) |
| 23:20 | Create | Villager (Male) |
| 23:21 | Create | Villager (Male) |
| 23:45 | Build | Mining Camp |
| 23:53 | Create | Villager (Male) |
| 23:53 | Create | Villager (Male) |
| 23:53 | Create | Villager (Male) |
| 23:53 | Create | Villager (Male) |
| 23:53 | Create | Villager (Male) |
| 23:54 | Create | Villager (Male) |
| 23:57 | Build | House |
| 23:58 | Build | House |
| 24:00 | Build | House |
| 24:01 | Build | House |
| 24:04 | Build | House |
| 24:11 | Build | House |
| 24:12 | Build | House |
| 24:14 | Build | House |
| 24:21 | Create | Villager (Male) |
| 24:21 | Create | Villager (Male) |
| 24:55 | Create | Villager (Male) |
| 24:55 | Create | Villager (Male) |
| 24:56 | Create | Villager (Male) |
| 24:56 | Create | Villager (Male) |
| 25:17 | Build | Farm |
| 25:22 | Build | Farm |
| 25:26 | Build | Farm |
| 25:32 | Build | Farm |
| 25:33 | Build | Farm |
| 25:34 | Build | Farm |
| 25:36 | Research | Heavy Plow |
| 25:49 | Build | Farm |
Build order — btmn_
First 150 of 399 actions detected
| 0:02 | Build | House |
| 0:03 | Build | House |
| 0:04 | Build | House |
| 0:05 | Create | Villager (Male) |
| 0:05 | Create | Villager (Male) |
| 0:05 | Create | Villager (Male) |
| 0:05 | Create | Villager (Male) |
| 1:40 | Create | Villager (Male) |
| 2:18 | Build | Lumber Camp |
| 2:21 | Create | Villager (Male) |
| 2:49 | Create | Villager (Male) |
| 2:49 | Create | Villager (Male) |
| 3:13 | Create | Villager (Male) |
| 3:57 | Create | Villager (Male) |
| 4:11 | Create | Villager (Male) |
| 4:24 | Research | Loom |
| 4:47 | Create | Villager (Male) |
| 5:19 | Create | Villager (Male) |
| 5:32 | Create | Villager (Male) |
| 6:13 | Create | Villager (Male) |
| 6:38 | Create | Villager (Male) |
| 6:47 | Build | House |
| 7:00 | Create | Villager (Male) |
| 7:16 | Build | Mill |
| 7:51 | Create | Villager (Male) |
| 7:52 | Create | Villager (Male) |
| 7:57 | Build | Mining Camp |
| 8:08 | Create | Villager (Male) |
| 8:51 | Build | House |
| 8:56 | Create | Villager (Male) |
| 9:10 | Create | Villager (Male) |
| 9:35 | Create | Villager (Male) |
| 9:46 | Build | Mining Camp |
| 10:14 | Research | Feudal Age |
| 11:51 | Build | Lumber Camp |
| 11:57 | Build | Farm |
| 11:58 | Build | Farm |
| 12:03 | Build | Farm |
| 12:04 | Build | Farm |
| 12:05 | Build | Farm |
| 12:08 | Create | Villager (Male) |
| 12:09 | Create | Villager (Male) |
| 12:31 | Create | Villager (Male) |
| 12:31 | Age | Feudal Age |
| 12:40 | Build | Market |
| 13:20 | Build | Blacksmith |
| 13:52 | Create | Villager (Male) |
| 14:05 | Research | Castle Age |
| 14:05 | Research | Castle Age |
| 14:06 | Research | Double-Bit Axe |
| 14:26 | Build | House |
| 14:27 | Build | House |
| 14:28 | Build | House |
| 14:37 | Research | Horse Collar |
| 15:20 | Create | Trade Cart |
| 15:35 | Create | Villager (Male) |
| 15:35 | Create | Villager (Male) |
| 16:45 | Create | Villager (Male) |
| 16:45 | Age | Castle Age |
| 16:47 | Build | Town Center |
| 16:51 | Build | Town Center |
| 16:56 | Create | Trade Cart |
| 17:12 | Create | Villager (Male) |
| 17:15 | Create | Villager (Male) |
| 17:38 | Build | Monastery |
| 17:42 | Create | Villager (Male) |
| 17:42 | Create | Villager (Male) |
| 17:47 | Create | Villager (Male) |
| 17:47 | Create | Villager (Male) |
| 17:50 | Create | Villager (Male) |
| 18:05 | Create | Villager (Male) |
| 18:06 | Create | Villager (Male) |
| 18:12 | Build | Farm |
| 18:13 | Build | Farm |
| 18:19 | Build | Farm |
| 18:28 | Build | Farm |
| 18:32 | Build | Farm |
| 18:43 | Create | Villager (Male) |
| 18:43 | Create | Villager (Male) |
| 18:52 | Build | Farm |
| 18:56 | Build | Farm |
| 19:00 | Create | Villager (Male) |
| 19:00 | Create | Villager (Male) |
| 19:04 | Create | Villager (Male) |
| 19:30 | Create | Villager (Male) |
| 19:30 | Create | Villager (Male) |
| 19:31 | Create | Villager (Male) |
| 19:32 | Create | Villager (Male) |
| 19:38 | Create | Monk |
| 19:41 | Create | Villager (Male) |
| 20:00 | Build | Town Center |
| 20:03 | Create | Villager (Male) |
| 20:03 | Create | Villager (Male) |
| 20:03 | Create | Villager (Male) |
| 20:04 | Create | Villager (Male) |
| 20:12 | Create | Villager (Male) |
| 20:15 | Create | Trade Cart |
| 20:21 | Build | House |
| 20:22 | Build | House |
| 20:22 | Build | House |
| 20:23 | Build | House |
| 20:26 | Create | Villager (Male) |
| 20:41 | Create | Villager (Male) |
| 20:42 | Create | Villager (Male) |
| 20:42 | Create | Villager (Male) |
| 20:48 | Create | Villager (Male) |
| 20:48 | Create | Villager (Male) |
| 20:48 | Create | Villager (Male) |
| 20:54 | Build | Farm |
| 20:56 | Build | Farm |
| 20:57 | Build | Farm |
| 21:15 | Create | Villager (Male) |
| 21:15 | Create | Villager (Male) |
| 21:16 | Create | Villager (Male) |
| 21:24 | Research | Bow Saw |
| 21:24 | Research | Bow Saw |
| 21:32 | Build | House |
| 21:33 | Build | House |
| 21:33 | Build | House |
| 21:50 | Create | Villager (Male) |
| 21:51 | Create | Villager (Male) |
| 21:51 | Create | Villager (Male) |
| 21:55 | Create | Trade Cart |
| 22:02 | Create | Trade Cart |
| 22:11 | Create | Villager (Male) |
| 22:12 | Create | Villager (Male) |
| 22:12 | Create | Villager (Male) |
| 22:19 | Research | Heavy Plow |
| 22:19 | Research | Heavy Plow |
| 22:27 | Build | Farm |
| 22:28 | Build | Farm |
| 22:28 | Build | Farm |
| 22:28 | Build | Farm |
| 22:29 | Build | Farm |
| 22:37 | Build | House |
| 22:37 | Build | House |
| 22:38 | Build | House |
| 22:40 | Create | Villager (Male) |
| 22:40 | Create | Villager (Male) |
| 22:46 | Create | Villager (Male) |
| 22:46 | Create | Villager (Male) |
| 22:51 | Create | Villager (Male) |
| 23:07 | Build | Mining Camp |
| 23:08 | Create | Villager (Male) |
| 23:09 | Create | Villager (Male) |
| 23:16 | Create | Villager (Male) |
| 23:16 | Create | Villager (Male) |
| 23:31 | Create | Villager (Male) |
| 23:31 | Create | Villager (Male) |
| 23:35 | Create | Villager (Male) |
Build order — DonGet
First 150 of 321 actions detected
| 0:02 | Create | Villager (Male) |
| 0:02 | Create | Villager (Male) |
| 0:02 | Create | Villager (Male) |
| 0:03 | Create | Villager (Male) |
| 0:04 | Build | House |
| 0:07 | Build | House |
| 1:24 | Create | Villager (Male) |
| 1:54 | Build | Lumber Camp |
| 2:02 | Create | Villager (Male) |
| 2:16 | Create | Villager (Male) |
| 2:54 | Create | Villager (Male) |
| 3:02 | Create | Villager (Male) |
| 3:33 | Create | Villager (Male) |
| 3:42 | Build | House |
| 3:44 | Build | House |
| 3:47 | Build | House |
| 3:55 | Create | Villager (Male) |
| 4:18 | Create | Villager (Male) |
| 4:35 | Build | Mill |
| 4:49 | Build | House |
| 5:00 | Create | Villager (Male) |
| 5:08 | Create | Villager (Male) |
| 5:51 | Create | Villager (Male) |
| 5:51 | Create | Villager (Male) |
| 6:33 | Create | Villager (Male) |
| 6:52 | Create | Villager (Male) |
| 6:53 | Create | Villager (Male) |
| 6:53 | Create | Villager (Male) |
| 7:08 | Create | Villager (Male) |
| 7:09 | Create | Villager (Male) |
| 7:09 | Create | Villager (Male) |
| 7:39 | Build | Mining Camp |
| 7:45 | Build | Mining Camp |
| 8:00 | Create | Villager (Male) |
| 8:03 | Create | Villager (Male) |
| 9:00 | Build | Mill |
| 9:11 | Research | Feudal Age |
| 10:14 | Build | Farm |
| 10:14 | Build | Farm |
| 10:15 | Build | Farm |
| 10:15 | Build | Farm |
| 10:56 | Create | Villager (Male) |
| 10:56 | Create | Villager (Male) |
| 11:22 | Age | Feudal Age |
| 11:49 | Build | Farm |
| 11:49 | Build | Farm |
| 11:49 | Build | Farm |
| 11:50 | Build | Farm |
| 12:16 | Create | Villager (Male) |
| 12:49 | Research | Castle Age |
| 13:28 | Create | Villager (Male) |
| 15:29 | Age | Castle Age |
| 17:22 | Build | Town Center |
| 17:30 | Build | Town Center |
| 17:31 | Create | Villager (Male) |
| 17:31 | Create | Villager (Male) |
| 17:32 | Create | Villager (Male) |
| 17:32 | Create | Villager (Male) |
| 17:32 | Create | Villager (Male) |
| 17:40 | Build | Farm |
| 17:41 | Build | Farm |
| 17:49 | Build | Mining Camp |
| 17:57 | Create | Villager (Male) |
| 18:04 | Build | Farm |
| 18:04 | Build | Farm |
| 18:04 | Build | Farm |
| 18:04 | Build | Farm |
| 18:05 | Build | Farm |
| 18:05 | Build | Farm |
| 18:05 | Build | Farm |
| 18:17 | Create | Villager (Male) |
| 18:31 | Create | Villager (Male) |
| 18:32 | Create | Villager (Male) |
| 18:32 | Create | Villager (Male) |
| 18:32 | Create | Villager (Male) |
| 18:36 | Build | House |
| 18:36 | Build | House |
| 18:37 | Build | House |
| 18:37 | Build | House |
| 18:37 | Build | House |
| 18:38 | Build | House |
| 18:38 | Build | House |
| 18:51 | Create | Villager (Male) |
| 18:52 | Create | Villager (Male) |
| 18:52 | Create | Villager (Male) |
| 19:25 | Create | Villager (Male) |
| 19:25 | Create | Villager (Male) |
| 19:25 | Create | Villager (Male) |
| 19:26 | Create | Villager (Male) |
| 19:27 | Create | Villager (Male) |
| 19:27 | Create | Villager (Male) |
| 19:27 | Create | Villager (Male) |
| 19:28 | Create | Villager (Male) |
| 19:39 | Build | Farm |
| 19:44 | Create | Villager (Male) |
| 19:45 | Create | Villager (Male) |
| 19:45 | Create | Villager (Male) |
| 22:01 | Create | Villager (Male) |
| 22:01 | Create | Villager (Male) |
| 22:01 | Create | Villager (Male) |
| 22:02 | Create | Villager (Male) |
| 22:02 | Create | Villager (Male) |
| 22:02 | Create | Villager (Male) |
| 22:02 | Create | Villager (Male) |
| 22:03 | Create | Villager (Male) |
| 22:03 | Create | Villager (Male) |
| 22:03 | Create | Villager (Male) |
| 22:04 | Create | Villager (Male) |
| 22:04 | Create | Villager (Male) |
| 22:14 | Build | Farm |
| 22:15 | Build | Farm |
| 22:15 | Build | Farm |
| 22:15 | Build | Farm |
| 22:16 | Build | Farm |
| 22:16 | Build | Farm |
| 22:16 | Build | Farm |
| 22:33 | Build | Town Center |
| 22:36 | Create | Villager (Male) |
| 22:37 | Create | Villager (Male) |
| 22:37 | Create | Villager (Male) |
| 22:37 | Create | Villager (Male) |
| 22:49 | Build | House |
| 22:54 | Build | House |
| 23:07 | Create | Villager (Male) |
| 23:07 | Create | Villager (Male) |
| 23:07 | Create | Villager (Male) |
| 23:14 | Build | Farm |
| 23:14 | Build | Farm |
| 23:15 | Build | Farm |
| 23:15 | Build | Farm |
| 23:15 | Build | Farm |
| 23:15 | Build | Farm |
| 23:16 | Build | Farm |
| 23:16 | Build | Farm |
| 23:16 | Build | Farm |
| 23:17 | Build | Farm |
| 23:24 | Create | Villager (Male) |
| 23:25 | Create | Villager (Male) |
| 23:25 | Create | Villager (Male) |
| 23:47 | Create | Villager (Male) |
| 23:48 | Create | Villager (Male) |
| 23:59 | Build | House |
| 24:02 | Build | House |
| 24:04 | Build | House |
| 24:06 | Build | House |
| 24:12 | Create | Villager (Male) |
| 24:12 | Create | Villager (Male) |
| 24:13 | Create | Villager (Male) |
| 24:19 | Build | Farm |
| 24:19 | Build | Farm |
Build order — HDm
First 150 of 382 actions detected
| 0:02 | Build | House |
| 0:03 | Build | House |
| 0:04 | Create | Villager (Male) |
| 0:04 | Create | Villager (Male) |
| 0:04 | Create | Villager (Male) |
| 0:21 | Create | Villager (Male) |
| 1:30 | Create | Villager (Male) |
| 1:30 | Create | Villager (Male) |
| 2:01 | Create | Villager (Male) |
| 2:14 | Create | Villager (Male) |
| 2:15 | Create | Villager (Male) |
| 2:20 | Build | Lumber Camp |
| 2:46 | Create | Villager (Male) |
| 3:02 | Create | Villager (Male) |
| 3:39 | Create | Villager (Male) |
| 3:39 | Create | Villager (Male) |
| 3:52 | Build | House |
| 4:05 | Create | Villager (Male) |
| 4:05 | Create | Villager (Male) |
| 4:05 | Create | Villager (Male) |
| 4:50 | Create | Villager (Male) |
| 4:51 | Create | Villager (Male) |
| 4:51 | Create | Villager (Male) |
| 5:01 | Build | Mill |
| 5:33 | Create | Villager (Male) |
| 5:33 | Create | Villager (Male) |
| 5:43 | Build | Farm |
| 5:44 | Build | House |
| 6:07 | Create | Villager (Male) |
| 6:07 | Create | Villager (Male) |
| 6:08 | Create | Villager (Male) |
| 6:10 | Build | Farm |
| 6:38 | Build | Farm |
| 6:49 | Create | Villager (Male) |
| 6:49 | Create | Villager (Male) |
| 7:44 | Create | Villager (Male) |
| 7:44 | Create | Villager (Male) |
| 8:12 | Build | Mining Camp |
| 8:40 | Research | Feudal Age |
| 8:54 | Create | Villager (Male) |
| 8:54 | Create | Villager (Male) |
| 8:55 | Create | Villager (Male) |
| 8:58 | Build | Farm |
| 9:07 | Build | House |
| 10:59 | Age | Feudal Age |
| 11:03 | Build | Market |
| 11:15 | Build | Blacksmith |
| 11:34 | Research | Double-Bit Axe |
| 12:02 | Research | Castle Age |
| 12:22 | Research | Horse Collar |
| 12:43 | Research | Wheelbarrow |
| 14:54 | Age | Castle Age |
| 14:59 | Build | Town Center |
| 15:05 | Build | Town Center |
| 15:21 | Research | Bow Saw |
| 15:27 | Create | Villager (Male) |
| 15:27 | Create | Villager (Male) |
| 15:55 | Create | Villager (Male) |
| 15:55 | Create | Villager (Male) |
| 15:58 | Build | Farm |
| 16:00 | Build | Farm |
| 16:03 | Build | Farm |
| 16:05 | Create | Villager (Male) |
| 16:05 | Create | Villager (Male) |
| 16:20 | Build | Farm |
| 16:32 | Build | House |
| 16:34 | Build | House |
| 16:37 | Create | Villager (Male) |
| 16:39 | Create | Villager (Male) |
| 16:41 | Create | Villager (Male) |
| 16:44 | Build | Farm |
| 16:50 | Build | Farm |
| 17:02 | Build | Farm |
| 17:05 | Create | Villager (Male) |
| 17:07 | Create | Villager (Male) |
| 17:18 | Build | Farm |
| 17:21 | Build | Farm |
| 17:22 | Build | Farm |
| 17:24 | Create | Villager (Male) |
| 17:37 | Create | Villager (Male) |
| 17:42 | Build | Farm |
| 17:45 | Build | Farm |
| 17:49 | Build | Farm |
| 17:51 | Build | Farm |
| 17:53 | Create | Villager (Male) |
| 17:56 | Create | Villager (Male) |
| 17:58 | Create | Villager (Male) |
| 18:01 | Build | Farm |
| 18:06 | Build | House |
| 18:08 | Build | House |
| 18:15 | Create | Villager (Male) |
| 18:23 | Create | Villager (Male) |
| 18:28 | Create | Villager (Male) |
| 18:33 | Build | Farm |
| 18:35 | Build | Farm |
| 18:38 | Build | Farm |
| 18:41 | Create | Villager (Male) |
| 18:43 | Create | Villager (Male) |
| 18:49 | Create | Villager (Male) |
| 18:57 | Create | Villager (Male) |
| 19:06 | Create | Villager (Male) |
| 19:18 | Create | Villager (Male) |
| 19:19 | Create | Villager (Male) |
| 19:19 | Create | Villager (Male) |
| 19:24 | Build | House |
| 19:25 | Build | House |
| 19:26 | Build | House |
| 19:34 | Create | Villager (Male) |
| 19:35 | Create | Villager (Male) |
| 19:39 | Create | Villager (Male) |
| 19:42 | Build | Town Center |
| 19:49 | Create | Villager (Male) |
| 19:50 | Create | Villager (Male) |
| 19:57 | Build | Farm |
| 19:58 | Build | Farm |
| 19:59 | Build | Farm |
| 20:04 | Build | Farm |
| 20:07 | Create | Villager (Male) |
| 20:08 | Create | Villager (Male) |
| 20:17 | Build | Farm |
| 20:19 | Build | Farm |
| 20:23 | Create | Villager (Male) |
| 20:24 | Create | Villager (Male) |
| 20:24 | Create | Villager (Male) |
| 20:32 | Build | Mill |
| 20:36 | Create | Villager (Male) |
| 20:37 | Create | Villager (Male) |
| 20:47 | Create | Villager (Male) |
| 20:47 | Create | Villager (Male) |
| 20:51 | Build | Farm |
| 20:52 | Build | Farm |
| 20:53 | Build | Farm |
| 20:57 | Build | House |
| 20:59 | Build | House |
| 21:01 | Build | House |
| 21:08 | Create | Villager (Male) |
| 21:09 | Create | Villager (Male) |
| 21:09 | Create | Villager (Male) |
| 21:21 | Create | Villager (Male) |
| 21:22 | Create | Villager (Male) |
| 21:23 | Create | Villager (Male) |
| 21:28 | Build | Town Center |
| 21:54 | Create | Villager (Male) |
| 21:55 | Create | Villager (Male) |
| 21:56 | Create | Villager (Male) |
| 21:57 | Create | Villager (Male) |
| 21:58 | Create | Villager (Male) |
| 22:03 | Build | Farm |
| 22:04 | Build | Farm |
| 22:05 | Build | Farm |
Build order — 2Easy4Kim
First 150 of 471 actions detected
| 0:02 | Build | House |
| 0:04 | Build | House |
| 0:07 | Create | Villager (Male) |
| 0:08 | Create | Villager (Male) |
| 0:08 | Create | Villager (Male) |
| 0:08 | Create | Villager (Male) |
| 0:08 | Create | Villager (Male) |
| 0:08 | Create | Villager (Male) |
| 0:09 | Create | Villager (Male) |
| 1:25 | Research | Loom |
| 1:54 | Create | Villager (Male) |
| 1:55 | Create | Villager (Male) |
| 2:21 | Create | Villager (Male) |
| 2:21 | Create | Villager (Male) |
| 3:02 | Create | Villager (Male) |
| 3:02 | Create | Villager (Male) |
| 3:21 | Build | Lumber Camp |
| 4:03 | Build | House |
| 4:04 | Build | House |
| 4:22 | Create | Villager (Male) |
| 4:23 | Create | Villager (Male) |
| 4:23 | Create | Villager (Male) |
| 4:23 | Create | Villager (Male) |
| 5:10 | Create | Villager (Male) |
| 5:11 | Create | Villager (Male) |
| 5:31 | Create | Villager (Male) |
| 5:31 | Create | Villager (Male) |
| 5:54 | Build | Mill |
| 6:29 | Create | Villager (Male) |
| 6:29 | Create | Villager (Male) |
| 7:00 | Create | Villager (Male) |
| 7:38 | Create | Villager (Male) |
| 7:38 | Create | Villager (Male) |
| 7:38 | Create | Villager (Male) |
| 7:54 | Build | Mining Camp |
| 8:02 | Build | House |
| 8:04 | Build | House |
| 8:31 | Research | Feudal Age |
| 10:29 | Build | Lumber Camp |
| 10:33 | Create | Villager (Male) |
| 10:33 | Create | Villager (Male) |
| 10:34 | Create | Villager (Male) |
| 10:34 | Create | Villager (Male) |
| 11:09 | Age | Feudal Age |
| 11:19 | Build | Market |
| 11:25 | Build | Blacksmith |
| 12:32 | Build | Mining Camp |
| 12:36 | Create | Villager (Male) |
| 12:58 | Create | Villager (Male) |
| 13:32 | Research | Castle Age |
| 14:08 | Research | Double-Bit Axe |
| 14:39 | Research | Horse Collar |
| 14:52 | Build | Farm |
| 15:14 | Research | Wheelbarrow |
| 15:38 | Create | Villager (Male) |
| 15:38 | Create | Villager (Male) |
| 16:19 | Age | Castle Age |
| 16:25 | Build | Town Center |
| 16:38 | Research | Heavy Plow |
| 17:19 | Build | Town Center |
| 17:31 | Research | Bow Saw |
| 17:31 | Research | Bow Saw |
| 17:31 | Research | Bow Saw |
| 18:04 | Build | Farm |
| 18:24 | Build | Farm |
| 18:25 | Build | Farm |
| 18:27 | Build | Farm |
| 18:29 | Build | Farm |
| 18:31 | Build | Farm |
| 18:34 | Build | Farm |
| 18:36 | Build | Farm |
| 19:03 | Build | Farm |
| 19:06 | Build | Farm |
| 19:08 | Build | Farm |
| 19:08 | Build | Farm |
| 19:09 | Build | Farm |
| 19:09 | Build | Farm |
| 19:10 | Build | Farm |
| 19:11 | Build | Farm |
| 19:11 | Build | Farm |
| 19:11 | Build | Farm |
| 19:11 | Build | Farm |
| 19:12 | Build | Farm |
| 19:13 | Build | Farm |
| 19:13 | Build | Farm |
| 19:13 | Build | Farm |
| 19:14 | Build | Farm |
| 19:14 | Build | Farm |
| 19:14 | Build | Farm |
| 19:15 | Build | Farm |
| 19:23 | Create | Villager (Male) |
| 19:23 | Create | Villager (Male) |
| 19:38 | Build | Farm |
| 19:41 | Build | Farm |
| 19:42 | Build | Farm |
| 19:42 | Build | Farm |
| 19:43 | Build | Farm |
| 19:43 | Build | Farm |
| 19:45 | Build | Farm |
| 19:48 | Create | Villager (Male) |
| 19:48 | Create | Villager (Male) |
| 20:13 | Build | Farm |
| 20:16 | Create | Villager (Male) |
| 20:22 | Create | Villager (Male) |
| 20:22 | Create | Villager (Male) |
| 20:28 | Create | Villager (Male) |
| 20:28 | Create | Villager (Male) |
| 20:45 | Build | Farm |
| 20:48 | Create | Villager (Male) |
| 20:52 | Create | Villager (Male) |
| 21:00 | Create | Villager (Male) |
| 21:00 | Create | Villager (Male) |
| 21:10 | Build | Farm |
| 21:14 | Create | Villager (Male) |
| 21:24 | Create | Villager (Male) |
| 21:30 | Create | Villager (Male) |
| 21:30 | Create | Villager (Male) |
| 21:40 | Build | Castle |
| 21:48 | Create | Villager (Male) |
| 21:55 | Build | House |
| 21:56 | Build | House |
| 21:57 | Build | House |
| 21:59 | Build | House |
| 22:06 | Build | Farm |
| 22:11 | Create | Villager (Male) |
| 22:11 | Create | Villager (Male) |
| 22:15 | Research | Town Watch |
| 22:33 | Create | Villager (Male) |
| 22:47 | Create | Villager (Male) |
| 22:47 | Create | Villager (Male) |
| 23:03 | Build | Barracks |
| 23:06 | Build | Siege Workshop |
| 23:10 | Create | Villager (Male) |
| 23:15 | Build | Farm |
| 23:19 | Create | Villager (Male) |
| 23:19 | Create | Villager (Male) |
| 23:23 | Create | Villager (Male) |
| 23:27 | Build | Farm |
| 23:33 | Build | House |
| 23:35 | Build | House |
| 23:36 | Build | House |
| 23:37 | Build | House |
| 23:42 | Create | Villager (Male) |
| 23:42 | Create | Villager (Male) |
| 23:59 | Build | Farm |
| 24:02 | Create | Villager (Male) |
| 24:09 | Create | Villager (Male) |
| 24:09 | Create | Villager (Male) |
| 24:18 | Build | Town Center |
| 24:22 | Create | Villager (Male) |
Match timeline
| 8:30 | Que paso perrito? · wall_segment Palisade Wall x23 |
| 8:34 | Que paso perrito? · wall_segment Palisade Wall x1 |
| 9:21 | Que paso perrito? · age_up feudal |
| 9:43 | Que paso perrito? · wall_segment Stone Wall x13 |
| 10:04 | gytisrepsys · age_up feudal |
| 10:19 | NPC · age_up feudal |
| 10:38 | Que paso perrito? · wall_segment Stone Wall x9 |
| 10:45 | NPC · first_building Barracks |
| 10:46 | GeKKeGerdaa · first_building Barracks |
| 10:59 | HDm · age_up feudal |
| 11:09 | 2Easy4Kim · age_up feudal |
| 11:13 | GeKKeGerdaa · age_up feudal |
| 11:22 | DonGet · age_up feudal |
| 11:59 | NPC · wall_segment Stone Wall x9 |
| 12:25 | 2Easy4Kim · first_market_buy 100 wood |
| 12:31 | NPC · wall_segment Stone Wall x9 |
| 12:31 | btmn_ · age_up feudal |
| 13:53 | NPC · first_building Stable |
| 13:59 | btmn_ · first_market_sell 100 food |
| 14:54 | HDm · age_up castle |
| 15:29 | HDm · first_market_buy 100 food |
| 15:29 | DonGet · age_up castle |
| 15:41 | gytisrepsys · age_up castle |
| 15:52 | Que paso perrito? · first_market_buy 100 food |
| 15:54 | GeKKeGerdaa · first_market_sell 100 wood |
| 15:55 | GeKKeGerdaa · first_market_buy 100 food |
| 16:01 | Que paso perrito? · first_market_sell 100 wood |
| 16:19 | 2Easy4Kim · age_up castle |
| 16:45 | btmn_ · age_up castle |
| 17:11 | gytisrepsys · first_building Monastery |
| 17:21 | NPC · age_up castle |
| 17:38 | btmn_ · first_building Monastery |
| 18:13 | GeKKeGerdaa · first_building Stable |
| 18:35 | NPC · first_building Siege Workshop |
| 18:41 | Que paso perrito? · age_up castle |
| 18:56 | Que paso perrito? · first_building Castle |
| 19:25 | GeKKeGerdaa · age_up castle |
| 19:37 | GeKKeGerdaa · first_building Siege Workshop |
| 21:40 | 2Easy4Kim · first_building Castle |
| 21:41 | gytisrepsys · first_market_buy 100 stone |
| 22:54 | NPC · first_market_buy 100 food |
| 23:03 | 2Easy4Kim · first_building Barracks |
| 23:06 | 2Easy4Kim · first_building Siege Workshop |
| 24:20 | NPC · wall_segment Stone Wall x5 |
| 24:21 | NPC · wall_segment Stone Wall x4 |
| 24:24 | NPC · wall_segment Stone Wall x9 |
| 25:04 | Que paso perrito? · first_building Barracks |
| 26:13 | HDm · first_building Siege Workshop |
| 26:47 | HDm · first_building Barracks |
| 26:55 | gytisrepsys · first_building Castle |
| 27:14 | btmn_ · first_building Castle |
| 27:28 | btmn_ · first_building Barracks |
| 27:28 | HDm · first_building Stable |
| 27:48 | GeKKeGerdaa · first_building Monastery |
| 28:16 | DonGet · first_market_sell 100 food |
| 28:19 | GeKKeGerdaa · first_building Castle |
| 28:26 | btmn_ · first_market_buy 100 stone |
| 28:36 | btmn_ · first_building Archery Range |
| 28:54 | DonGet · first_building Siege Workshop |
| 29:31 | 2Easy4Kim · first_building Monastery |
| 29:48 | DonGet · first_building Castle |
| 30:06 | gytisrepsys · age_up imperial |
| 30:23 | HDm · age_up imperial |
| 31:26 | 2Easy4Kim · age_up imperial |
| 31:28 | NPC · first_market_sell 100 food |
| 31:34 | Que paso perrito? · first_building Stable |
| 31:37 | GeKKeGerdaa · age_up imperial |
| 31:49 | DonGet · age_up imperial |
| 32:24 | HDm · first_building Castle |
| 33:21 | DonGet · first_market_buy 100 wood |
| 34:20 | btmn_ · age_up imperial |
| 34:31 | HDm · first_market_sell 500 food |
| 34:53 | NPC · age_up imperial |
| 34:57 | btmn_ · first_building Stable |
| 36:13 | gytisrepsys · resign |
| 36:14 | Que paso perrito? · age_up imperial |
| 50:16 | NPC · first_building Castle |
| 52:15 | NPC · first_building Monastery |
[ AI ANALYSIS · 1 CREDIT ]
What really happened in this match?
Wolo.gg analyzes every decision: build order, eco, micro, common mistakes by bracket. Personalized analysis on WhatsApp or Discord in 30 seconds.
Civ guide
Hindustanis
Perfil
Jugador #19999705